 Dungeon Crawl Stone Soup version 0.31.0-11-ge490571c62 (webtiles) character file.

Game seed: 4289868694528687452

108 qw the Skirmisher (level 4, 0/25 HPs)
             Began as a Deep Elf Hunter on Feb 4, 2024.
             Succumbed to Terence's poison
             ... on level 2 of the Dungeon.
             The game lasted 00:00:06 (1347 turns).

qw the Skirmisher (Deep Elf Hunter)                 Turns: 1347, Time: 00:00:06

Health: 0/25       AC:  4    Str: 10    XL:     4   Next: 58%
Magic:  6/6        EV: 12    Int: 14    God:
Gold:   73         SH:  0    Dex: 18    Spells: 3/3 levels left

rFire   . . .        a - +0 shortbow
rCold   . . .        (shield currently unavailable)
rNeg    . . .        c - +0 leather armour
rPois   .            d - +0 helmet
rElec   .            (no cloak)
rCorr   .            (no gloves)
SInv    .            (no boots)
Will    .....        (no amulet)
Stlth   ++           (no ring)
HPRegen 0.24/turn    (no ring)
MPRegen 0.10/turn

%: no passive effects
@: lethally poisoned (0 -> -8)
A: no striking features
a: no special abilities


You were on level 2 of the Dungeon.
You visited 1 branch of the dungeon, and saw 2 of its levels.

You collected 73 gold pieces.


   Skills:
 - Level 1.5 Fighting
 + Level 8.0 Ranged Weapons
 - Level 2.4 Dodging
 - Level 1.2 Stealth


You had 3 spell levels left.
You didn't know any spells.
Your spell library was empty.

Inventory:

Hand Weapons
 a - a +0 shortbow (weapon)
Armour
 c - a +0 leather armour (worn)
 d - a +0 helmet (worn)
Jewellery
 f - a +6 ring of dexterity
Scrolls
 b - a scroll of identify
 e - a scroll of immolation {unknown}
 h - a scroll of enchant weapon {unknown}
Potions
 g - a potion of enlightenment {unknown}

Dungeon Overview and Level Annotations

Branches:
Dungeon (2/15)

Altars:

Annotations:
D:2 Terence


Message History

Terence is heavily wounded.
You shoot an arrow. The arrow completely misses Terence.
You shoot an arrow. The arrow barely misses Terence.
You shoot an arrow. The arrow completely misses Terence.
Terence barely misses you.
You shoot an arrow. The arrow barely misses Terence.
Terence closely misses you.
You shoot an arrow. The arrow hits Terence.
Terence is severely wounded.
Terence closely misses you.
You shoot an arrow.
The arrow hits Terence but does no damage.
Terence is severely wounded.
Terence hits you with a +1 short sword of venom.
You shoot an arrow. The arrow closely misses Terence.
Terence hits you with a +1 short sword of venom.
You are poisoned.
You shoot an arrow. The arrow closely misses Terence.
You feel sick. Terence closely misses you.
You shoot an arrow. The arrow barely misses Terence.
You feel sick. Terence barely misses you.
You shoot an arrow. The arrow barely misses Terence.
You feel sick.
Terence hits you with a +1 short sword of venom.
You shoot an arrow. The arrow closely misses Terence.
You feel sick.
Terence hits you with a +1 short sword of venom.
You shoot an arrow.
The arrow hits Terence but does no damage.
Terence is severely wounded.
You feel sick.
Terence hits you with a +1 short sword of venom.
You are lethally poisoned!
You shoot an arrow. The arrow barely misses Terence.
You feel very sick.
Terence hits you with a +1 short sword of venom.
You shoot an arrow.
The arrow hits Terence but does no damage.
Terence is severely wounded.
You die...

..####.. ........
......<. ..####..
.##(.#### .##.#.#.####
.##...#..#.#### ##)
.##.#)..#...#.#####.....
......#...#.....@@.).#
..#.#...#...#.######<#
.##...#..#.####
.##.#.#.####..#
.##..#### ##.## .#####
#..# ...# #.## #.(## #.#
....#######.#


You could see Terence.

Vanquished Creatures
  4 gnolls
  2 adders (D:2)
  A ribbon worm (D:2)
  A bat (D:1)
  6 endoplasms
  A giant cockroach (D:1)
  8 goblins
  4 hobgoblins
  2 jackals (D:2)
  3 quokkas
  5 ball pythons
  3 frilled lizards
  3 kobolds
  3 rats
46 creatures vanquished.

Notes
Turn   | Place    | Note
-------+----------+-------------------------------------------
     0 | D:1      | qw the Deep Elf Hunter began the quest for the Orb.
     0 | D:1      | Reached XP level 1. HP: 12/12 MP: 3/3
     0 | D:1      | 0 ||| qw: Version: 0.3-a-160-g6735b56
     0 | D:1      | 0 ||| qw: Game counter: 6117
     0 | D:1      | 0 ||| qw: Melee chars always use a shield: true
     0 | D:1      | 0 ||| qw: God list: Okawaru
     0 | D:1      | 0 ||| qw: Allow faded altars: false
     0 | D:1      | 0 ||| qw: Do Orc after clearing Dungeon:15 true
     0 | D:1      | 0 ||| qw: Do second Lair branch before Depths: true
     0 | D:1      | 0 ||| qw: Lair rune preference: random
     0 | D:1      | 0 ||| qw: Goals: Normal
     0 | D:1      | 0 ||| PLANNING D:1-11
   135 | D:1      | Reached XP level 2. HP: 16/16 MP: 4/4
   156 | D:1      | Reached skill level 6 in Ranged Weapons
   307 | D:1      | HP: 3/16 [frozen (4)]
   588 | D:1      | Found a faded altar of an unknown god.
   712 | D:1      | 712 ||| UPGRADING to +0 helmet.
   717 | D:1      | 717 ||| DROPPING amulet of magic regeneration.
   718 | D:1      | 718 ||| READING scroll labelled OQOSHATIMA.
   719 | D:1      | 719 ||| READING scroll labelled HETIPSYUGG.
   719 | D:1      | 719 ||| IDENTIFYING 2 golden potions
   720 | D:1      | 720 ||| READING scroll labelled WAOH DUR HUESI.
   721 | D:1      | 721 ||| DRINKING 2 emerald potions.
   722 | D:1      | 722 ||| DROPPING scroll of butterflies.
   723 | D:1      | 723 ||| DROPPING 2 potions of magic.
   767 | D:2      | 767 ||| STAIRDANCE
   770 | D:1      | HP: 3/16 [gnoll/+0 club (6)]
   771 | D:1      | 771 ||| DRINKING potion of heal wounds.
   773 | D:1      | Reached XP level 3. HP: 20/20 MP: 5/5
   775 | D:2      | 775 ||| STAIRDANCE
   828 | D:2      | 828 ||| STAIRDANCE
   836 | D:1      | Reached skill level 7 in Ranged Weapons
   848 | D:2      | 848 ||| STAIRDANCE
   855 | D:1      | HP: 3/20 [gnoll/+0 flail (7)]
   931 | D:2      | 931 ||| STAIRDANCE
   964 | D:2      | 964 ||| STAIRDANCE
   984 | D:2      | 984 ||| STAIRDANCE
  1049 | D:2      | Reached XP level 4. HP: 25/25 MP: 6/6
  1325 | D:2      | Reached skill level 8 in Ranged Weapons
  1330 | D:2      | Noticed Terence
  1346 | D:2      | HP: 4/25 [poisoned by Terence]
  1347 | D:2      | Succumbed to Terence's poison

Levels and vault maps discovered:
D:1:      psy_arrival_basics, layout_loops_ring, basic_ecumenical_altar,
          hangedman_decor_riveting
D:2:      minmay_spotlight, layout_rooms, dreamdust_princess_bridge,
          grunt_ministairs_14, uniq_terence

Skill      XL: |  1  2  3  4 |
---------------+-------------+-----
Ranged Weapons | 6 7 8 |  8.0
Fighting       | |  1.5
Dodging        | |  2.4
Stealth        | |  1.2

Action                     |  1- 3 |  4- 6 || total
---------------------------+-------+-------++-------
   Fire: Shortbow          |    88 |    65 ||   153
    Use: Scroll            |     3 |       ||     3
         Potion            |     2 |       ||     2
 Armour: Leather armour    |    28 |    12 ||    40
  Dodge: Dodged            |    29 |    11 ||    40

Table legend:
 A = Non-vault XP
 B = Vault XP
 C = Vault XP percentage of total XP
 D = Non-vault monster count
 E = Vault monster count
 F = Vault count percentage of total count
                 A         B        C        D         E       F
            +---------+---------+-------+---------+---------+-------
      Total |     151 |       4 |   2.6 |      44 |       2 |   4.3
            +---------+---------+-------+---------+---------+-------
        D:1 |      82 |       0 |   0.0 |      25 |       0 |   0.0
        D:2 |      69 |       4 |   5.5 |      19 |       2 |   9.5
            +---------+---------+-------+---------+---------+-------
